 Dungeon Crawl Stone Soup version 0.31-a0-675-g238779eb0a (webtiles) character file.

Game seed: 125651540456178540

3066 bobo the Ruffian (level 9, -19/89 HPs)
             Began as a Troll Shapeshifter on Sept 5, 2023.
             Was a Believer of Wu Jian.
             Demolished by a two-headed ogre
             ... wielding a +0 giant club
              (22 damage)
             ... on level 8 of the Dungeon.
             The game lasted 00:13:27 (4590 turns).

bobo the Ruffian (Troll Shapeshifter)               Turns: 4590, Time: 00:13:27

Health: -19/89     AC:  5    Str: 28    XL:     9   Next: 57%
Magic:  8/8        EV: 10    Int:  6    God:    Wu Jian [**....]
Gold:   392        SH:  0    Dex:  9    Spells: 8/8 levels left

rFire   . .          .
                       - Unarmed
rCold   . . .        (shield currently unavailable)
rNeg    . . .        a - +1 animal skin
rPois   .            (helmet restricted)
rElec   .            (no cloak)
rCorr   .            (gloves unavailable)
SInv    +            (boots unavailable)
Will    +....        (no amulet)
Stlth   +            B - ring of willpower
HPRegen 1.14/turn    (no ring)
MPRegen 0.11/turn

%: no passive effects
@: flux-form, glowing
A: glow, contaminating, large, unfitting armour, claws 3, regeneration 1, shaggy
fur 1, tough skin 1
a: Begin Untransformation, Renounce Religion, Wall Jump


You were on level 8 of the Dungeon.
You worshipped Wu Jian.
Wu Jian was pleased with you.
You were something dangerously unstable.
You visited 1 branch of the dungeon, and saw 8 of its levels.

You collected 392 gold pieces.

Inventory:

Missiles
 k - 2 atropa-tipped darts
 l - a throwing net
Armour
 a - a +1 animal skin (worn)
Jewellery
 u - an amulet of faith
 B - a ring of willpower (left claw)
Talismans
 c - a beast talisman
 d - a flux talisman (active)
 m - a serpent talisman
Wands
 x - a wand of iceblast (4)
 y - a wand of mindburst (15)
 A - a wand of acid (6)
 C - a wand of polymorph (6)
 D - a wand of charming (7)
Scrolls
 b - a scroll of immolation
 f - a scroll of revelation
 g - a scroll of noise {unknown}
 h - a scroll of enchant armour
 o - 3 scrolls of poison
 p - a scroll of teleportation
 r - a scroll of identify
 s - 2 scrolls of fear {unknown}
 w - a scroll of blinking {unknown}
 z - a scroll of acquirement {unknown}
 G - a scroll of vulnerability {unknown}
 H - a scroll of enchant weapon {unknown}
Potions
 e - a potion of might
 i - 4 potions of attraction
 j - a potion of magic
 n - a potion of haste {unknown}
 q - a potion of heal wounds {unknown}
 t - 2 potions of resistance {unknown}
 v - a potion of curing
 E - a potion of invisibility {unknown}
 F - a potion of degeneration {unknown}


   Skills:
 + Level 6.1 Fighting
 - Level 4.0 Dodging
 + Level 7.9 Unarmed Combat
 + Level 7.3 Shapeshifting


You had 8 spell levels left.
You didn't know any spells.
Your spell library contained the following spells:

 Spells                   Type           Power      Damage    Failure   Level
 Freeze                   Ice            0%         1d3       45%         1
 Sting                    Tmut/Pois      0%         1d3       45%         1
 Poisonous Vapours        Pois/Air       0%         N/A       58%         2
 Call Canine Familiar     Summ           0%         N/A       83%         3
 Frozen Ramparts          Ice            0%         1d1       83%         3
 Hailstorm                Conj/Ice       0%         3d3       83%         3
 Portal Projectile        Hex/Tloc       0%         N/A       83%         3
 Leda's Liquefaction      Hex/Erth       0%         N/A       99%         4
 Olgreb's Toxic Radiance  Pois           0%         N/A       99%         4
 Discord                  Hex            0%         N/A       100%        8
 Ignition                 Fire           0%         3d3       100%        8


Dungeon Overview and Level Annotations

Branches:
Dungeon (8/15)             Temple (0/1) D:6
   Lair: D:8-11

Altars:
Ashenzari
Dithmenos
Okawaru
Trog
Wu Jian
The Shining One

Shops:
D:7 =


Innate Abilities, Weirdness & Mutations

You are something dangerously unstable.
You glow with magical radiation, making you easy to see and hit.
Foes you strike become dangerously contaminated with magical radiation.
You are incapable of wielding weapons or throwing items.
You are too large for most types of armour.
You have claws for hands.
Your natural rate of healing is unusually fast.
You are covered in fur. (AC +1)
You have tough skin. (AC +1)


Message History

The two-headed ogre hits you with a +0 giant spiked club!!
The orc priest casts a cantrip, but nothing happens.
The orc hits you from afar with a +0 trident.
Aiming: Wall Jump
Press: ? - help, Dir - move target You repeatedly attack the orc priest from above.
You claw the orc priest!
The orc priest begins to glow.
The orc priest is severely wounded.
You barely miss the orc priest.
The orc priest is severely wounded.
You repeatedly attack the orc from above.
You closely miss the orc. You barely miss the orc.
You repeatedly attack the two-headed ogre from above.
You scratch the two-headed ogre but do no damage.
The two-headed ogre begins to glow.
You barely miss the two-headed ogre.
You repeatedly attack the orc from above.
You claw the orc!
You kill the orc!
The Council accepts your kill.
The orc priest invokes the aid of Beogh against you.
Beogh smites you! The orc misses you. The two-headed ogre closely misses you.
The two-headed ogre hits you with a +0 giant spiked club!
The orc priest hits you with a +0 club. The orc hits you with a +0 trident.
You barely miss the orc priest.
The orc priest is severely wounded.
The two-headed ogre hits you with a +0 giant club!!
* * * LOW HITPOINT WARNING * * *
The two-headed ogre hits you with a +0 giant spiked club!
* * * LOW HITPOINT WARNING * * *
The orc priest closely misses you. The orc closely misses you.
As you read the scroll labelled NOUQUTYSHE, it crumbles to dust.
The creatures around you are filled with an inner flame!
It was a scroll of immolation.
The orc priest barely misses you. The orc hits you with a +0 trident.
* * * LOW HITPOINT WARNING * * *
As you read the scroll labelled ESIURA JAISHA, it crumbles to dust.
You feel aware of your surroundings.
You sensed 1 altar.
It was a scroll of revelation.
The two-headed ogre stops glowing.
The two-headed ogre hits you with a +0 giant club!!
You die...

#..............................
#..........)............#######
#................##...#...###
#................###........###
#.................#............
#......................###...##
#.....................#####..#
**#........#.......##......###.##
,,,,,***,#.#..##B).##.####.......
,,,,,*,,,......ooO)...## ####....
,,,,,*,,,.......#>.#...#* ##...
,,,,,,,,,..........##...#***#....
****,,,,,..........##.#..##......
***,,,...........#.##.#..##...
*,,,..................#*#..#
******,,,.......##.....#,####...#
,,,,,*,,,,,,....,..,,...,,,,...##


You could see a two-headed ogre (inner flame), an orc priest (inner flame,
contam) and an orc (inner flame).

Vanquished Creatures
  A troll (D:8)
  A hornet (D:8)
  A water moccasin (D:7)
  An orc warrior (D:6)
  A black bear (D:6)
  2 sky beasts
  A centaur (D:5)
  2 ogres
  2 kobold brigands (D:7)
  3 phantoms
  2 bullfrogs
  2 scorpions
  8 hounds
  9 orc priests
  A jelly (D:5)
  6 iguanas
  2 sleepcaps
  Jessica (D:2)
  Terence (D:3)
  7 orc wizards
  17 gnolls
  6 adders
  A shadow imp (D:7)
  2 white imps
  An ufetubus (D:6)
  3 worms
  27 orcs
  5 ball pythons
  7 endoplasms
  6 giant cockroaches
  6 goblins
  5 hobgoblins
  5 jackals
  3 quokkas
  A bat (D:3)
  4 frilled lizards
  14 kobolds
  7 rats
174 creatures vanquished.

Notes
Turn   | Place    | Note
-------+----------+-------------------------------------------
     0 | D:1      | bobo the Troll Shapeshifter began the quest for the Orb.
     0 | D:1      | Reached XP level 1. HP: 18/18 MP: 0/0
    63 | D:1      | Reached skill level 1 in Fighting
    69 | D:1      | Reached XP level 2. HP: 27/27 MP: 1/1
   539 | D:1      | Reached XP level 3. HP: 24/33 MP: 2/2
   919 | D:2      | Reached XP level 4. HP: 35/42 MP: 3/3
  1065 | D:2      | Noticed Jessica
  1068 | D:2      | Killed Jessica
  1397 | D:3      | Reached XP level 5. HP: 44/49 MP: 4/4
  1871 | D:3      | Noticed Terence
  1889 | D:3      | Killed Terence
  2094 | D:4      | Noticed a phantom
  2106 | D:4      | Killed a phantom
  2107 | D:4      | Reached XP level 6. HP: 59/59 MP: 5/5
  2358 | D:4      | Found an ornate altar of the Wu Jian Council.
  2387 | D:4      | Became a worshipper of the Wu Jian Council
  2530 | D:5      | Entered Level 5 of the Dungeon
  2535 | D:5      | Reached XP level 7. HP: 67/67 MP: 6/6
  2766 | D:5      | Reached skill level 5 in Unarmed Combat
  3056 | D:5      | Reached skill level 5 in Shapeshifting
  3078 | D:5      | Found an iron altar of Okawaru.
  3166 | D:6      | Reached XP level 8. HP: 70/78 MP: 7/7
  3181 | D:5      | Reached * piety under Wu Jian
  3506 | D:6      | Reached skill level 5 in Fighting
  3551 | D:6      | Found a staircase to the Ecumenical Temple.
  3728 | D:7      | Found Meoffif's Jewellery Shoppe.
  3733 | D:7      | Reached ** piety under Wu Jian
  3734 | D:7      | Reached XP level 9. HP: 76/88 MP: 8/8
  4181 | D:7      | Found a broken altar of Ashenzari.
  4184 | D:7      | Found a bloodstained altar of Trog.
  4190 | D:7      | Found a glowing golden altar of the Shining One.
  4366 | D:8      | Paralysed by a hornet for 3 turns
  4466 | D:8      | Found a shadowy altar of Dithmenos.
  4471 | D:8      | Noticed a troll
  4481 | D:8      | Killed a troll
  4581 | D:8      | Noticed a two-headed ogre
  4589 | D:8      | HP: 2/89 [orc/+0 trident (6)]
  4590 | D:8      | Demolished by a two-headed ogre

Illustrated notes

Levels and vault maps discovered:
D:1:      mrwooster_arrival_statue_2, layout_basic
D:2:      layout_rooms, serial_forest, infiniplex_forest_end_1,
          infiniplex_forest_clump_curved, infiniplex_forest_lined_room_,
          infiniplex_forest_lined_2, infiniplex_forest_clump_double,
          infiniplex_forest_straight_2, infiniplex_forest_corner_1,
          infiniplex_forest_lined_room_2, infiniplex_forest_end_2, uniq_jessica
D:3:      layout_basic, nicolae_kite_square_tiling_tiny,
          ebering_dispersal_statue_hall, uniq_terence
D:4:      layout_rooms, mainiacjoe_overflow_alcove_2
D:5:      layout_basic, kennysheep_little_box
D:6:      layout_gridville, minmay_temple_entry_grid
D:7:      layout_rooms, grunt_temple_overflow_diamond,
          minmay_shop_enchanted_jewellery, st_stairs_11
D:8:      layout_rooms, minitemple, nrook_loot_triangle

Skill      XL: |  1  2  3  4  5  6  7  8  9 |
---------------+----------------------------+-----
Fighting       | 1 2 3 5 6 |  6.1
Dodging        | 2 3 4 |  4.0
Unarmed Combat | 4 5 7 |  7.9
Shapeshifting  | 4 5 6 7 |  7.3

Action                     |  1- 3 |  4- 6 |  7- 9 || total
---------------------------+-------+-------+-------++-------
  Melee: Unarmed           |    87 |   145 |   215 ||   447
         Punch             |     3 |     1 |     8 ||    12
  Throw: Throwing net      |       |       |     1 ||     1
Ability: Lunge             |       |     1 |    52 ||    53
         Whirlwind         |       |       |    18 ||    18
         Wall Jump         |       |       |     3 ||     3
  Evoke: Wand              |       |       |     2 ||     2
    Use: Potion            |       |     1 |     3 ||     4
         Scroll            |       |       |     8 ||     8
   Stab: Sleeping          |       |     2 |     1 ||     3
 Armour: Animal skin       |    65 |    87 |   161 ||   313
         Skin              |       |     9 |       ||     9
  Dodge: Dodged            |    42 |    53 |    72 ||   167
   Form: Flux              |       |       |     1 ||     1

Table legend: (Time is in decaauts)
 A = Elapsed time spent in this place.
 B = Non-inter-level travel time spent in this place.
 C = Inter-level travel time spent in this place.
 D = Time resting spent in this place.
 E = Time spent auto-exploring this place.
 F = Levels seen in this place.
 G = Mean time per level.
                   A        B        C        D        E       F      G
               +--------+--------+--------+--------+--------+-----+--------+
         Total |   4572 |   4284 |    288 |     73 |   3286 |   8 |  571.5 |
       Dungeon |   4572 |   4284 |    288 |     73 |   3286 |   8 |  571.5 |
               +--------+--------+--------+--------+--------+-----+--------+

Top non-repeatable levels by time:
     D:3: 789 daAuts
     D:1: 746 daAuts
     D:5: 737 daAuts
     D:7: 587 daAuts
     D:2: 537 daAuts
     D:6: 450 daAuts
     D:4: 439 daAuts
     D:8: 283 daAuts
